 Dungeon Crawl Stone Soup version 0.31-a0-95-g6fa058ef04 (webtiles) character file.

Game seed: 12687298446774838465

6 Firecrotchwizard the Conjurer (level 1, -1/15 HPs)
             Began as a Draconian Conjurer on May 25, 2023.
             Slain by a quokka (3 damage)
             ... on level 1 of the Dungeon.
             The game lasted 00:01:17 (253 turns).

Firecrotchwizard the Conjurer (Draconian Conjurer)   Turns: 253, Time: 00:01:18

Health: -1/15      AC:  4    Str:  9    XL:     1   Next: 75%
Magic:  3/3        EV: 12    Int: 18    God:
Gold:   19         SH:  0    Dex:  9    Spells: 3/4 levels left

rFire   . . .        s - +0 dagger
rCold   . . .        (no shield)
rNeg    . . .        (body armour unavailable)
rPois   .            (helmet restricted)
rElec   .            (no cloak)
rCorr   .            (no gloves)
SInv    .            (no boots)
Will    .....        (no amulet)
Stlth   ++           (no ring)
HPRegen 0.22/turn    (no ring)
MPRegen 0.08/turn

%: no passive effects
@: no status effects
A: AC +4, unfitting armour, cold-blooded
a: no special abilities


You were on level 1 of the Dungeon.
You visited 1 branch of the dungeon, and saw 1 of its levels.

You collected 19 gold pieces.

Inventory:

Hand Weapons
 s - a +0 dagger (weapon)
Scrolls
 c - a scroll of noise {unknown}
Potions
 a - a potion of magic
 b - a potion of curing {unknown}


   Skills:
 + Level 0.5 Fighting
 - Level 1.7 Dodging
 - Level 1.7 Stealth
 + Level 2.1 Spellcasting
 * Level 4.1 Conjurations


You had 3 spell levels left.
You knew the following spells:

 Your Spells              Type           Power      Damage    Failure   Level
a - Magic Dart            Conj           64%        1d6       3%          1

Your spell library contained the following spells:

 Spells                   Type           Power      Damage    Failure   Level
 Searing Ray              Conj           32%        2d5       4%          2
 Dazzling Flash           Conj/Hex       16%        N/A       26%         3
 Fulminant Prism          Conj/Hex       4%         3d5       63%         4
 Iskenderun's Mystic Bla  Conj/Tloc      8%         2d4       63%         4


Dungeon Overview and Level Annotations

Branches:
Dungeon (1/15)

Altars:


Innate Abilities, Weirdness & Mutations

Your plain brown scales are hard. (AC +4)
You cannot fit into any form of body armour.
You are cold-blooded and may be slowed by cold attacks.


Message History

The endoplasm quivers.
The hobgoblin shouts!
The endoplasm quivers.
There is an open door here.
You hit the hobgoblin but do no damage. The hobgoblin hits you.
You closely miss the hobgoblin.
Your tail-slap misses the hobgoblin.
The hobgoblin closely misses you.
You barely miss the hobgoblin. The hobgoblin misses you.
You hit the hobgoblin but do no damage. You tail-slap the hobgoblin.
The hobgoblin is almost dead.
The hobgoblin completely misses you.
You hit the hobgoblin but do no damage.
The hobgoblin is almost dead.
The hobgoblin hits you.
The endoplasm jiggles.
You hit the hobgoblin but do no damage.
Your tail-slap misses the hobgoblin.
The hobgoblin is almost dead.
The hobgoblin closely misses you.
You hit the hobgoblin.
You kill the hobgoblin!
You hit the hobgoblin.
The hobgoblin is moderately wounded.
The hobgoblin barely misses you.
You barely miss the hobgoblin. You tail-slap the hobgoblin.
The hobgoblin is heavily wounded.
The hobgoblin hits you.
You closely miss the hobgoblin. You tail-slap the hobgoblin.
The hobgoblin is severely wounded.
The hobgoblin hits you.
You hit the hobgoblin.
The hobgoblin is almost dead.
The hobgoblin misses you.
You closely miss the hobgoblin.
The hobgoblin is almost dead.
The hobgoblin hits you but does no damage.
You hit the hobgoblin but do no damage.
The hobgoblin is almost dead.
The hobgoblin hits you but does no damage.
You hit the hobgoblin.
You kill the hobgoblin!
You closely miss the quokka. The quokka bites you.
* * * LOW HITPOINT WARNING * * *
The endoplasm jiggles.
The quokka barely misses you.
You are too injured to fight recklessly!
You are too injured to fight recklessly!
You are too injured to fight recklessly!
You closely miss the quokka.
The quokka bites you but does no damage.
You hit the quokka.
The quokka is moderately wounded.
The quokka closely misses you.
You barely miss the quokka.
You tail-slap the quokka, but do no damage.
The quokka is moderately wounded.
The quokka barely misses you.
You closely miss the quokka.
Your tail-slap misses the quokka.
The quokka is lightly wounded.
The quokka barely misses you.
You barely miss the quokka.
The quokka is lightly wounded.
The quokka completely misses you.
The quokka bites you but does no damage.
You barely miss the quokka.
The quokka is lightly wounded.
The quokka barely misses you.
You closely miss the quokka.
The quokka is lightly wounded.
The quokka bites you.
* * * LOW HITPOINT WARNING * * *
The quokka bites you.
* * * LOW HITPOINT WARNING * * *
The quokka barely misses you.
The endoplasm jiggles.
The quokka bites you.
* * * LOW HITPOINT WARNING * * *
The quokka attacks as you move away! The quokka bites you.
* * * LOW HITPOINT WARNING * * *
The quokka bites you but does no damage.
The quokka attacks as you move away! The quokka closely misses you.
The quokka attacks as you move away! The quokka misses you.
The quokka attacks as you move away!
The quokka bites you but does no damage.
The quokka misses you.
There is an open door here.
There's a creature in the doorway!
You hit the quokka but do no damage.
The quokka is lightly wounded.
The quokka bites you but does no damage.
You barely miss the quokka.
The quokka is lightly wounded.
The quokka bites you.
* * * LOW HITPOINT WARNING * * *
You hit the quokka.
Your tail-slap misses the quokka.
The quokka is moderately wounded.
The quokka misses you.
You miss the quokka.
The quokka is moderately wounded.
The quokka bites you.
You die...

#.# #.# #.######.#
#........# #.#####.##
#.# #..#
#.######.#######
#(.....JJ......#
#..#####r#####.#
######..#PPP#@#PPP#.#
#....#..#P⌠P#.#P⌠P#.#
#.##.#..#PPP#.#PPP#.#
#.##.#..#####.#####.#
#.##.#..+....<....+..
#.##.#..#####.#####..
#.##.#..#PPP#.#PPP#..
#.##.#..#P⌠P#.#P⌠P#..
#.##.#..#PPP#.#PPP#..


You could see 2 endoplasms and a quokka.

Vanquished Creatures
  An endoplasm (D:1)
  2 hobgoblins (D:1)
  A quokka (D:1)
  A frilled lizard (D:1)
5 creatures vanquished.

Notes
Turn   | Place    | Note
-------+----------+-------------------------------------------
     0 | D:1      | Firecrotchwizard the Draconian Conjurer began the quest for
                  | the Orb.
     0 | D:1      | Reached XP level 1. HP: 14/14 MP: 3/3
   253 | D:1      | Slain by a quokka

Illustrated notes

Levels and vault maps discovered:
D:1:      beargit_arrival_greenhouse, layout_basic,
          kennysheep_decorative_pillar, amcnicky_mini_pool_small,
          lexackson_kobold_supper

Action                     || total
---------------------------++-------
  Melee: Dagger            ||    43
         Tailslap          ||     6
 Armour: Skin              ||    11
  Dodge: Dodged            ||    27

Table legend: (Time is in decaauts)
 A = Elapsed time spent in this place.
 B = Non-inter-level travel time spent in this place.
 C = Inter-level travel time spent in this place.
 D = Time resting spent in this place.
 E = Time spent auto-exploring this place.
 F = Levels seen in this place.
 G = Mean time per level.
                   A        B        C        D        E       F      G
               +--------+--------+--------+--------+--------+-----+--------+
         Total |    252 |    244 |      8 |     31 |    130 |   1 |  252.0 |
       Dungeon |    252 |    244 |      8 |     31 |    130 |   1 |  252.0 |
               +--------+--------+--------+--------+--------+-----+--------+

Top non-repeatable levels by time:
     D:1: 252 daAuts
